 Dungeon Crawl Stone Soup version 0.29.1-2-gbd0b4ee654 (webtiles) character file.

Game seed: 14910736037895793890

150 MisterFreud the Twirler (level 5, -1/38 HPs)
             Began as a Formicid Gladiator on Oct 23, 2022.
             Slain by Edmund the centaur
             ... wielding a +4 vorpal flail
              (6 damage)
             ... on level 4 of the Dungeon.
             The game lasted 00:02:40 (3031 turns).

MisterFreud the Twirler (Formicid Gladiator)        Turns: 3031, Time: 00:02:41

Health: -1/38      AC:  3    Str: 20    XL:     5   Next: 58%
Magic:  5/5        EV: 12    Int:  8    God:
Gold:   66         SH:  4    Dex: 15    Spells: 4/4 levels left

rFire   . . .      SeeInvis +   a - +0 quarterstaff
rCold   . . .      Faith    .   h - +0 buckler
rNeg    . . .      Spirit   .   b - +0 leather armour
rPois   .          Reflect  .   (helmet unavailable)
rElec   .          Harm     .   (no cloak)
rCorr   .          Rampage  .   (no gloves)
Will    .....                   (no boots)
Stlth   +.........              (no amulet)
HPRegen 0.12/turn               (no ring)
MPRegen 0.09/turn               (no ring)

@: no status effects
A: permanent stasis, dig shafts and tunnels, antennae 3, four strong arms
a: Dig, Shaft Self


You were on level 4 of the Dungeon.
You visited 1 branch of the dungeon, and saw 5 of its levels.

You collected 66 gold pieces.

Inventory:

Hand Weapons
 a - a +0 quarterstaff (weapon)
Missiles
 c - 3 throwing nets (quivered)
 d - a javelin
 k - 6 poisoned darts
Armour
 b - a +0 leather armour (worn)
 h - a +0 buckler (worn)
Jewellery
 j - a ring of ice
Wands
 l - a wand of polymorph (2)
Scrolls
 g - a scroll of identify {unknown}
Potions
 e - a potion of lignification {unknown}
 f - 2 potions of brilliance {unknown}
 i - a potion of curing


   Skills:
 - Level 2.1 Fighting
 + Level 5.4 Staves
 - Level 2.0 Throwing
 - Level 2.6 Dodging
 + Level 2.4 Shields


You had 4 spell levels left.
You didn't know any spells.
Your spell library contained the following spells:

 Spells                   Type           Power      Damage    Failure   Level
 Ozocubu's Armour         Ice            0%         N/A       88%         3
 Ozocubu's Refrigeration  Ice            0%         4d7       100%        7


Dungeon Overview and Level Annotations

Branches:
Dungeon (5/15)
 Temple: D:4-7

Altars:

Shops:
D:1 *   D:2 !

Annotations:
D:4 Edmund


Innate Abilities, Weirdness & Mutations

You cannot be hasted, slowed, berserked, paralysed or teleported.
You can dig through walls and to a lower floor.
You have a pair of large antennae on your head. (SInv)
Your four strong arms can wield two-handed weapons with a shield.


Message History

l - a wand of polymorph (3)
Things that are here:
a +1 spectral club; a +0 leather armour; the goblin corpse of Ijyb You start resting.
Your transformation is almost over.
You stop sporulating.
Your +0 quarterstaff unmelds from your body.
Your +0 buckler unmelds from your body.
Your +0 leather armour unmelds from your body.
HP restored.
There is an open door here.
You open the door.
There is an open door here.
There is an open door here.
You sense a monster nearby.
f - 2 fizzy yellow potions (gained 1) Edmund the Younger comes into view.
He is wielding a +4 vorpal flail.
Edmund is nearby!
Found 12 gold pieces.
Edmund shouts!
Aiming: Polymorph
Press: ? - help, Shift-Dir - straight line, f - Edmund
Aim: Edmund, wielding a +4 vorpal flail and wearing a +0 leather armour (will become a centaur, a bullfrog, or a river rat, chance to affect: 49%) Edmund evaporates and reforms as a centaur!
Edmund picks up a +4 vorpal flail.
Edmund wields a +4 vorpal flail.
Unknown command.
Unknown command.
Edmund says, "I might not be good at magic, but I can still kill you!"
Edmund hits you with a +4 vorpal flail! You block Edmund's attack.
You closely miss Edmund. Edmund barely misses you. Edmund misses you.
You block Edmund's attack. Edmund kicks you but does no damage.
You sock Edmund!
Edmund is heavily wounded.
Edmund hits you with a +4 vorpal flail. Edmund kicks you but does no damage.
Edmund misses you. You block Edmund's attack.
You hit Edmund.
Edmund is heavily wounded.
Edmund hits you with a +4 vorpal flail!
* * * LOW HITPOINT WARNING * * *
You die...

.###########.# .# #.# .# .#
#.# $. ## ###.# ##.## # .##
#...# #... .# ..## ##.###
#.@##.# ...## ##..# ......#
....####...#########.#...###
....'...........@c[.........
....####...######.##.#...##
{ ...## ##..# #.##.##.##
..## ##.# #.##.##.# .## #.#
#.##..#.# ## #.# #.###.#.# #
#.# #.# #.#.# # #.#
#.###.#.# ## #.# #.......#


You could see Edmund the centaur.

Vanquished Creatures
  A jelly (D:4)
  Ijyb (D:4)
  2 adders
  2 worms
  A dart slug (D:4)
  3 orcs (D:2)
  4 endoplasms
  7 goblins
  6 hobgoblins
  10 jackals (D:1)
  A quokka (D:2)
  6 ball pythons
  7 bats
  2 frilled lizards
  5 kobolds
  6 rats
64 creatures vanquished.

Vanquished Creatures (others)
  9 demonic plants (D:2)
  3 fungi (D:2)
  3 plants (D:2)
  6 withered plants (D:2)
21 creatures vanquished.

Grand Total: 85 creatures vanquished

Notes
Turn   | Place    | Note
-------+----------+-------------------------------------------
     0 | D:1      | MisterFreud the Formicid Gladiator began the quest for the
                  | Orb.
     0 | D:1      | Reached XP level 1. HP: 16/16 MP: 1/1
   253 | D:1      | Reached XP level 2. HP: 22/22 MP: 2/2
   883 | D:1      | Reached skill level 4 in Staves
   883 | D:1      | Reached XP level 3. HP: 25/27 MP: 3/3
  1242 | D:1      | Found Doopic's General Store.
  1501 | D:2      | Found Buunwiuv's Distillery.
  1567 | D:2      | Reached XP level 4. HP: 17/33 MP: 4/4
  1960 | D:2      | Found a faded altar of an unknown god.
  1969 | D:2      | Reached skill level 5 in Staves
  2313 | D:3      | Noticed a water moccasin
  2321 | D:3      | You fall into a shaft and drop 2 floors!
  2321 | D:5      | Entered Level 5 of the Dungeon
  2670 | D:4      | Reached skill level 1 in Shields
  2719 | D:4      | Reached XP level 5. HP: 30/38 MP: 5/5
  2793 | D:4      | Noticed Ijyb
  2808 | D:4      | Killed Ijyb
  3018 | D:4      | Noticed Edmund
  3026 | D:4      | Noticed Edmund
  3026 | D:4      | Edmund changed into Edmund the centaur
  3031 | D:4      | Slain by Edmund the centaur

Illustrated notes

Levels and vault maps discovered:
D:1:      lightli_arrival_chessboard, layout_loops_corners, serial_shops,
          nicolae_lakefront_shop
D:2:      layout_basic, shapermc_ecumenical_altar_gd, serial_shops, shop,
          corexii_item_surrounded_by_moat, reono_crystal_passage,
          minmay_liquid_box, minmay_misc_feat_cross, guppyfry_early_orc_mine
D:3:      layout_rooms, corner_web_ring, uniq_robin
D:4:      layout_loops_corners, minmay_temple_entry_glassed_door,
          uniq_blork_the_orc, uniq_edmund, uniq_menkaure, uniq_ijyb
D:5:      layout_loops_ring, mainiacjoe_overflow_small_starburst, serial_shops,
          shop, minmay_holes

Skill      XL: |  1  2  3  4  5 |
---------------+----------------+-----
Staves         | 4 5 |  5.4
Shields        | 1 2 |  2.4
Fighting       | |  2.1
Throwing       | |  2.0
Dodging        | |  2.6

Action                   |  1- 3 |  4- 6 || total
-------------------------+-------+-------++-------
Melee: Quarterstaff      |    98 |    71 ||   169
       Unarmed           |       |     1 ||     1
 Abil: Shaft Self        |       |     1 ||     1
Evoke: Wand              |       |     1 ||     1
  Use: Scroll            |     3 |       ||     3
       Potion            |       |     1 ||     1
 Stab: Sleeping          |       |     1 ||     1
Armor: Leather armour    |    29 |    11 ||    40
Dodge: Dodged            |    67 |    38 ||   105
Block: Buckler           |       |     7 ||     7
